 Dungeon Crawl Stone Soup version 0.28-a0-750-g7c675f85b1 (webtiles) character file.

Game seed: 3588489743968347046

41 ytrimaz the Skirmisher (level 3, -8/29 HPs)
             Began as a Demonspawn Fighter on Oct 30, 2021.
             Killed from afar by Ijyb (21 damage)
             ... with a bolt of acid
             ... on level 2 of the Dungeon.
             The game lasted 00:01:28 (1429 turns).

ytrimaz the Skirmisher (Demonspawn Fighter)         Turns: 1429, Time: 00:01:29

Health: -8/29      AC:  6    Str: 23    XL:     3   Next: 32%
Magic:  3/3        EV:  9    Int:  9    God:
Gold:   58         SH:  4    Dex: 12    Spells: 2/2 levels left

rFire   . . .      SeeInvis .   a - +0 rapier
rCold   . . .      Faith    .   c - +0 buckler
rNeg    . . .      Spirit   .   b - +0 scale mail
rPois   .          Reflect  .   (no helmet)
rElec   .          Harm     .   (no cloak)
rCorr   .          Rampage  .   (no gloves)
Will    .....                   (no boots)
Stlth   ..........              (no amulet)
HPRegen 0.09/turn               f - +6 ring of strength
MPRegen 0.08/turn               (no ring)

@: no status effects
A: spiny 1
a: no special abilities


You were on level 2 of the Dungeon.
You visited 1 branch of the dungeon, and saw 2 of its levels.

You collected 58 gold pieces.

Inventory:

Hand Weapons
 a - a +0 rapier (weapon)
Armour
 b - a +0 scale mail (worn)
 c - a +0 buckler (worn)
Jewellery
 f - a +6 ring of strength (left hand)
Scrolls
 e - a scroll of enchant weapon {unknown}
 h - a scroll of summoning {unknown}
Potions
 d - a potion of might
 g - a potion of haste {unknown}


   Skills:
 + Level 3.3 Fighting
 * Level 2.4 Short Blades
 + Level 3.0 Armour
 + Level 3.0 Shields


You had 2 spell levels left.
You didn't know any spells.
Your spell library was empty.

Dungeon Overview and Level Annotations

Branches:
Dungeon (2/15)

Altars:
Vehumet

Annotations:
D:2 Ijyb


Innate Abilities, Weirdness & Mutations

You are partially covered in sharp spines.


Message History

You miss Ijyb. The goblin misses you. The goblin hits you with a +3 dagger.
The goblin hits you but does no damage. You block Ijyb's attack.
You hit Ijyb.
Ijyb is lightly wounded.
The goblin is struck by your spines.
You kill the goblin!
The goblin hits you with a +0 club. Ijyb hits you with a +0 club.
The goblin hits you with a +0 dagger.
Unknown command.
You hit Ijyb.
Ijyb is moderately wounded.
The goblin hits you but does no damage. Ijyb hits you with a +0 club.
You block the goblin's attack. x2
You closely miss Ijyb.
Ijyb is moderately wounded.
The goblin hits you but does no damage. x2
The goblin is struck by your spines. The goblin hits you but does no damage.
Ijyb is struck by your spines. Ijyb hits you but does no damage.
The goblin is struck by your spines. The goblin barely misses you.
The goblin is struck by your spines.
You kill the goblin!
You block the goblin's attack. x2
You barely miss Ijyb.
Ijyb is heavily wounded.
The goblin is struck by your spines.
You kill the goblin!
Ijyb zaps a wand.
The bolt of acid misses you. You block the goblin's attack.
The goblin is struck by your spines.
You kill the goblin!
The goblin is struck by your spines.
You kill the goblin!
You hit Ijyb but do no damage.
Ijyb is heavily wounded.
Ijyb hits you but does no damage. The goblin barely misses you.
You hit Ijyb.
Ijyb is heavily wounded.
Ijyb screams, "Me kill you!"
Ijyb zaps a wand.
The bolt of acid hits you!!
Ouch! That really hurt!
You die...

#.# #.# #.# #.# #.# #.#
#.# #†# ######.###†# #.#
#.# .......)...#####.#
#####.#####
######..._.....#.#
##..........
#########.#.#
##......####. #######.#
#......†#...#
.8.8.8)>###..........##.
...(..g@)............# #
......g)###.........##
........# ##.......#####
......... ##...........
......... ...#..#......
####### .8.8.8....
......####... ......#
######..## ###.#.# #.#.
####### ...# #.#.# #.#.
#.#.####.#.


You could see Ijyb and a goblin.

Vanquished Creatures
  A worm (D:2)
  2 dart slugs
  2 endoplasms
  A giant cockroach (D:2)
  7 goblins (D:2)
  4 hobgoblins
  A quokka (D:1)
  A ball python (D:1)
  4 bats
  2 frilled lizards
  3 kobolds
  4 rats (D:2)
32 creatures vanquished.

Vanquished Creatures (others)
  A plant (D:1)
1 creature vanquished.

Grand Total: 33 creatures vanquished

Notes
Turn   | Place    | Note
-------+----------+-------------------------------------------
     0 | D:1      | ytrimaz the Demonspawn Fighter began the quest for the Orb.
     0 | D:1      | Reached XP level 1. HP: 18/18 MP: 1/1
   318 | D:1      | Gained mutation: You are partially covered in sharp spines.
                  | [demonic ancestry]
   318 | D:1      | Reached XP level 2. HP: 24/24 MP: 2/2
   482 | D:2      | Found a radiant altar of Vehumet.
   759 | D:2      | Found a faded altar of an unknown god.
  1049 | D:2      | Reached XP level 3. HP: 29/29 MP: 3/3
  1417 | D:2      | Noticed Ijyb
  1429 | D:2      | Killed from afar by Ijyb

Illustrated notes

Levels and vault maps discovered:
D:1:      lemuel_arrival_behind_the_door_large, layout_rooms,
          serial_bayou_pond_c
D:2:      kennysheep_the_goblin_king, layout_loops_ring, basic_ecumenical_altar,
          basic_altar, minmay_quantized

Skill      XL: |  1  2 |
---------------+-------+-----
Short Blades   | 2 |  2.4
Armour         | 3 |  3.0
Shields        | 3 |  3.0
Fighting       | |  3.3

Action                   || total
-------------------------++-------
Melee: Rapier            ||    66
  Use: Scroll            ||     2
Armor: Scale mail        ||    35
Dodge: Dodged            ||    25
Block: Buckler           ||    20

Table legend: (Time is in decaauts)
 A = Elapsed time spent in this place.
 B = Non-inter-level travel time spent in this place.
 C = Inter-level travel time spent in this place.
 D = Time resting spent in this place.
 E = Time spent auto-exploring this place.
 F = Levels seen in this place.
 G = Mean time per level.
                   A        B        C        D        E       F      G
               +--------+--------+--------+--------+--------+-----+--------+
         Total |   1446 |   1425 |     21 |      0 |   1192 |   2 |  723.0 |
       Dungeon |   1446 |   1425 |     21 |      0 |   1192 |   2 |  723.0 |
               +--------+--------+--------+--------+--------+-----+--------+

Top non-repeatable levels by time:
     D:2: 951 daAuts
     D:1: 495 daAuts
